 Dungeon Crawl Stone Soup version 0.26.0-16-gc1dbca0489 (webtiles) character file.

Game seed: 5250355006714885909

7058 zcampers the Cleaver (level 10, -12/91 HPs)
             Began as a Minotaur Berserker on Jan 20, 2021.
             Was a High Priest of Trog.
             Mangled by a large abomination (25 damage)
             ... on level 10 of the Dungeon.
             The game lasted 00:19:04 (9708 turns).

zcampers the Cleaver (Minotaur Berserker)           Turns: 9708, Time: 00:19:04

Health: -12/91     AC: 18    Str: 22    XL:     10   Next: 83%
Magic:  9/9        EV: 10    Int:  7    God:    Trog [*****.]
Gold:   314        SH:  0    Dex: 10    Spells: 9/9 levels left

rFire    + . .     SeeInvis .   v - +0 battleaxe
rCold    + . .     Faith    .   (shield currently unavailable)
rNeg     . . .     Spirit   .   w - +1 chain mail {rC+}
rPois    +         Reflect  .   (helmet restricted)
rElec    .         Harm     .   (no cloak)
rCorr    .         Rampage  .   t - +1 pair of gloves
Will     .....                  m - +1 pair of boots {Stlth+}
Stlth    ..........             (no amulet)
HPRegen  0.25/turn              u - ring of protection from fire
MPRegen  0.11/turn              r - ring of poison resistance

@: berserk cooldown, attractive
A: retaliatory headbutt, horns 2
a: Renounce Religion, Berserk, Trog's Hand, Brothers in Arms


You were on level 10 of the Dungeon.
You worshipped Trog.
Trog was extremely pleased with you.
You visited 1 branch of the dungeon, and saw 10 of its levels.

You collected 761 gold pieces.
You spent 447 gold pieces at shops.

Inventory:

Hand Weapons
 p - a +0 morningstar
 v - a +0 battleaxe (weapon)
Missiles
 j - 26 poisoned darts (quivered)
Armour
 m - a +1 pair of boots of stealth (worn)
 t - a +1 pair of gloves (worn)
 w - a +1 chain mail of cold resistance (worn)
Jewellery
 r - a ring of poison resistance (right hand)
 s - an uncursed ring of flight
 u - a ring of protection from fire (left hand)
Wands
 k - a wand of paralysis (11)
 l - a wand of flame (13)
 x - a wand of polymorph (5)
 B - a wand of digging (4)
Scrolls
 c - 2 scrolls of fear
 d - a scroll of enchant armour
 n - 6 scrolls of identify
 q - a scroll of remove curse
 y - a scroll of magic mapping
 A - a scroll of blinking
Potions
 a - a potion of ambrosia
 b - 2 potions of curing
 e - 4 potions of haste
 f - a potion of heal wounds
 i - a potion of might
 z - 2 potions of flight
Miscellaneous
 h - a box of beasts


   Skills:
 + Level 9.0 Fighting
 + Level 0.3 Short Blades
 + Level 13.2 Axes
 + Level 0.3 Throwing
 + Level 11.1 Armour
 + Level 5.4 Dodging
 + Level 0.3 Stealth
 + Level 0.5 Evocations


You had 9 spell levels left.
You didn't know any spells.
Your spell library was empty.

Dungeon Overview and Level Annotations

Branches:
Dungeon (10/15)            Temple (0/1) D:4            Lair (0/6) D:10
    Orc: D:9-12

Altars:
Ashenzari
Elyvilon
Gozag
Makhleb
Okawaru
Trog
Wu Jian
Yredelemnul
Zin

Shops:
D:5 *   D:9 *


Innate Abilities, Weirdness & Mutations

You reflexively headbutt those who attack you in melee.
You have a pair of horns on your head.


Message History

The small abomination hits you but does no damage. x2
The small abomination is pulled toward you!
Blink to where?
Press: ? - help, Dir - move target
As you read the scroll of blinking, it crumbles to dust.
The large abomination is pulled toward you!
The small abomination is pulled toward you!
The small abomination is pulled toward you!
You slash the large abomination!
The large abomination is heavily damaged.
You hit the small abomination but do no damage.
The small abomination hits you!
* * * LOW HITPOINT WARNING * * *
The large abomination hits you but does no damage.
You hit the large abomination but do no damage.
You headbutt the large abomination, but do no damage.
The large abomination is heavily damaged.
You barely miss the small abomination. The small abomination misses you.
The large abomination hits you!!
You die...

.......... ######
..........# #XX..#
..........# #### +x...#
..........# #..# #X§..#
..........####..#######'##
.............#..#........#
...........)(.<.#........#
................#.)......#
..........#@)..##....X...#
..........#Xx..####'######
...............# #!X#
#######........# #x## ..##
#........#.###X### .....
#........#.x...x.#
.....###........#.......#
...........##+###.......#
...........#.# #.......#


You could see a large abomination and 2 small abominations.

Vanquished Creatures
  Harold (D:9)
  A two-headed ogre (D:8)
  An unseen horror (D:10)
  A wizard (D:10)
  The ghost of vvl the Shield-Bearer, a novice FoFi (D:6)
  A troll (D:9)
  2 small abominations (D:10)
  A wyvern (D:10)
  A water moccasin (D:8)
  An orc warrior (D:10)
  4 sky beasts
  4 black bears
  3 phantoms (D:9)
  2 ice beasts
  4 ogres
  3 centaurs
  4 bullfrogs
  Blork the orc (D:6)
  A wyvern skeleton (D:7)
  4 scorpions
  5 wights (D:9)
  A centaur zombie (D:9)
  A quasit (D:8)
  A bullfrog zombie (D:9)
  4 hounds
  4 bullfrog skeletons
  An orc priest (D:5)
  A jelly (D:2)
  5 orc wizards
  An iguana (D:9)
  6 worker ants
  A howler monkey zombie (D:5)
  A gnoll (D:5)
  15 adders
  A shadow imp (D:6)
  A white imp (D:9)
  An ufetubus (D:5)
  2 adder skeletons
  3 worms (D:2)
  3 dart slugs
  4 leopard geckos
  25 orcs
  7 bats
  10 giant cockroaches
  7 goblins
  9 hobgoblins
  9 jackals
  10 kobolds
  3 quokkas
  A ball python (D:5)
  2 frilled lizards
  A jackal skeleton (D:7)
  3 leopard gecko skeletons
  2 quokka skeletons
  10 rats
202 creatures vanquished.

Vanquished Creatures (collateral kills)
  A small abomination (D:10)
1 creature vanquished.

Vanquished Creatures (others)
  7 fungi (D:10)
  3 plants (D:10)
10 creatures vanquished.

Grand Total: 213 creatures vanquished

Notes
Turn   | Place    | Note
-------+----------+-------------------------------------------
     0 | D:1      | zcampers the Minotaur Berserker began the quest for the
                  | Orb.
     0 | D:1      | Reached XP level 1. HP: 19/19 MP: 0/0
   309 | D:1      | Reached XP level 2. HP: 27/27 MP: 1/1
   524 | D:1      | Reached skill level 4 in Axes
   696 | D:1      | Reached ** piety under Trog
   927 | D:2      | Reached XP level 3. HP: 33/34 MP: 2/2
  1024 | D:2      | Reached XP level 4. HP: 6/41 MP: 3/3
  1315 | D:2      | Reached skill level 5 in Axes
  1959 | D:3      | Reached XP level 5. HP: 41/47 MP: 4/4
  1965 | D:3      | Reached *** piety under Trog
  2249 | D:3      | Found a broken altar of Ashenzari.
  3036 | D:4      | Reached XP level 6. HP: 53/55 MP: 5/5
  3242 | D:4      | Reached skill level 5 in Fighting
  3242 | D:4      | Reached skill level 6 in Axes
  3253 | D:4      | Found a staircase to the Ecumenical Temple.
  3712 | D:5      | Entered Level 5 of the Dungeon
  3923 | D:5      | Reached skill level 7 in Axes
  3923 | D:5      | Reached skill level 5 in Armour
  3925 | D:5      | Reached XP level 7. HP: 26/61 MP: 6/6
  4021 | D:5      | Reached **** piety under Trog
  4375 | D:5      | Found Budemueq's General Store.
  4388 | D:5      | Bought a +1 pair of boots of stealth for 181 gold pieces
  4497 | D:5      | Reached skill level 8 in Axes
  4797 | D:6      | Noticed Blork the orc
  4809 | D:6      | Killed Blork the orc
  5122 | D:6      | Found a runed translucent door.
  5126 | D:6      | Noticed vvl's ghost (novice FoFi)
  5141 | D:6      | Reached XP level 8. HP: 69/69 MP: 7/7
  5146 | D:6      | Killed vvl's ghost
  5535 | D:7      | Reached skill level 9 in Axes
  6034 | D:7      | Found an opulent altar of Gozag.
  6114 | D:7      | Reached skill level 10 in Axes
  6114 | D:7      | Reached XP level 9. HP: 75/75 MP: 8/8
  6175 | D:7      | Found a burning altar of Makhleb.
  6903 | D:8      | Noticed a two-headed ogre
  6914 | D:8      | Killed a two-headed ogre
  6915 | D:8      | Reached skill level 11 in Axes
  7189 | D:8      | Found a basalt altar of Yredelemnul.
  7245 | D:8      | Found a white marble altar of Elyvilon.
  7313 | D:8      | Reached ***** piety under Trog
  7321 | D:8      | Reached skill level 5 in Dodging
  7326 | D:8      | Found a bloodstained altar of Trog.
  7651 | D:8      | Found a faded altar of an unknown god.
  7651 | D:8      | Found a faded altar of an unknown god.
  7656 | D:8      | Found a glowing silver altar of Zin.
  7658 | D:8      | Found an ornate altar of the Wu Jian Council.
  7660 | D:8      | Found an iron altar of Okawaru.
  7826 | D:9      | Noticed Harold
  7848 | D:9      | Killed Harold
  7849 | D:9      | Reached skill level 12 in Axes
  7849 | D:9      | Reached XP level 10. HP: 86/86 MP: 9/9
  7861 | D:9      | Reached skill level 10 in Armour
  7902 | D:9      | Found Nuneq's Island Escapes.
  9095 | D:9      | Bought a wand of digging (4) for 224 gold pieces
  9095 | D:9      | Bought a potion of flight for 42 gold pieces
  9118 | D:10     | Entered Level 10 of the Dungeon
  9275 | D:10     | Killed an unseen horror
  9571 | D:10     | Found a staircase to the Lair.
  9658 | D:10     | Noticed a wizard
  9666 | D:10     | Killed a wizard
  9667 | D:10     | Reached skill level 13 in Axes
  9675 | D:10     | Noticed a large abomination
  9708 | D:10     | Mangled by a large abomination

Illustrated notes

Levels and vault maps discovered:
D:1:      sevenhm_arrival_forest_fort_small_4, layout_loops_cross, minivault_4
D:2:      layout_rooms, st_stairs_2, minmay_misc_feat_encased
D:3:      layout_basic, overflow_temple_1_default
D:4:      layout_basic, minmay_temple_entry_sparse_star
D:5:      minmay_clustersquares, layout_cave_pools, serial_shops, shop
D:6:      layout_basic, ebering_ghost_sewer_d, abandoned_shop,
          uniq_blork_the_orc
D:7:      layout_loops_corners, basic_altar, nicolae_gozag_seed_capital
D:8:      layout_loops_ring, kennysheep_ying_yang,
          chequers_temple_overflow_minitemple, trog_ov_bears_minmay
D:9:      layout_layer_cave, chequers_avenue, nicolae_island_escapes,
          uniq_harold
D:10:     layout_basic, grunt_lair_entry_orc_guard_hut, laboratory

Skill      XL: |  1  2  3  4  5  6  7  8  9 10 |
---------------+-------------------------------+-----
Fighting       | 4 5 6 7 9 |  9.0
Axes           | 4 5 7 8 10 12 13 | 13.2
Dodging        | 3 4 5 |  5.4
Armour         | 3 4 5 6 8 9 11 | 11.1
Short Blades   | |  0.3
Throwing       | |  0.3
Stealth        | |  0.3
Evocations     | |  0.5

Action                   |  1- 3 |  4- 6 |  7- 9 | 10-12 || total
-------------------------+-------+-------+-------+-------++-------
Melee: Hand axe          |    66 |   174 |   240 |       ||   480
       Headbutt          |     9 |    32 |    62 |    23 ||   126
       Short sword       |       |    19 |       |       ||    19
       Battleaxe         |       |       |    15 |    99 ||   114
Throw: Dart              |       |     2 |     1 |       ||     3
Invok: Berserk           |       |     3 |     6 |     1 ||    10
       Trog's Hand       |       |     1 |     3 |     2 ||     6
       Brothers in Arms  |       |       |       |     1 ||     1
 Abil: Evoke Flight      |       |       |       |     1 ||     1
Evoke: Wand              |       |     1 |       |       ||     1
  Use: Scroll            |     3 |     9 |     2 |     3 ||    17
       Potion            |     2 |     7 |     5 |     2 ||    16
Armor: Animal skin       |     7 |       |       |       ||     7
       Ring mail         |    15 |    20 |       |       ||    35
       Scale mail        |       |    26 |       |       ||    26
       Chain mail        |       |    89 |   147 |   125 ||   361
Dodge: Dodged            |    53 |   148 |   135 |    62 ||   398
